cohdb
Replays
Latest Replays
All Replays
Popular Replays
Top Player Replays
Match Explorer
How It Works
Community
CoH3 Stats
Reddit
Sign in to upload your games and track your stats! →
Sign in with Steam
Match 46491455
Unlisted
Match 46491455
Overview
Messages
Build Orders
End
Scout Squad
Selects Heavy Weapons
Construct Weapon Support Center
Engineer Squad
M1919 Machine Gun Team
M1919 Machine Gun Team
Infantry Support Center
Selects M2HB .50cal Heavy Machine Gun
M3 Armored Personnel Carrier
Bazooka Squad
Selects Assault Carriers
Construct Motor Pool
Selects Exchangeable Parts
M8 Greyhound Armored Car
Advanced Logistics
Bazooka Squad
Improved M9 Bazooka Rockets
Construct Barracks
Riflemen Squad
Riflemen Squad
Riflemen Squad
M1918 Browning Automatic Rifles
Grenade Package
Selects Towed M5 3-inch Anti-tank Gun
Selects Gallant Stand
Selects Bolstered Team Weapons
Towed M5 3-inch Anti-tank Gun
M3 Assault Carrier
Gallant Stand
Construct Tank Depot
M18 Hellcat Tank Destroyer
M1 Anti-tank Gun Team
Scout Squad
Engineer Squad
Bazooka Squad
Bazooka Squad
Survival Training
M4A1 Sherman Medium Tank
AndreiM2006
Yeknod
Stormless
Grunka Lunka
0
0
Comments
sign in to comment!
No comments posted yet!